 Dungeon Crawl Stone Soup version 0.16-a0-3602-g9bd3662 (console) character file.

67 mauris the Changer (level 3, 1/15 HPs)
             Began as a Spriggan Transmuter on Jan 12, 2015.
             Quit the game on level 2 of the Dungeon.
             The game lasted 00:07:46 (2146 turns).

mauris the Changer (Spriggan Transmuter)            Turns: 2146, Time: 00:07:46

Health: 1/15       AC:  2    Str:  7    XL:     3   Next: 98%
Magic:  5/8        EV: 21    Int: 19    God:
Gold:   102        SH:  0    Dex: 21    Spells: 2 memorised, 3 levels left

rFire  + . .     SeeInvis +       - Unarmed
rCold  . . .     Clarity  +     c - melded +0 robe
rNeg   . . .     SustAb   .     (shield currently unavailable)
rPois  x         Gourm    .     (helmet currently unavailable)
rElec  .         Spirit   .     (cloak currently unavailable)
rCorr  .         Warding  .     (gloves unavailable)
rMut   .         Stasis   .     (boots unavailable)
MR     .....                    g - amulet of clarity
Stlth  ++........               (no ring)
                                h - ring of protection from fire

@: brilliant, lethally poisoned, spider-form, not resistant to hostile
enchantments, unstealthy
A: unfitting armour, see invisible, herbivore 3, (speed 0), frail 1, low mp 1,
slow metabolism 2
a: End Transformation


You were on level 2 of the Dungeon.
You were not hungry.
You were a venomous arachnid creature.
You visited 1 branch of the dungeon, and saw 2 of its levels.

You collected 102 gold pieces.

Inventory:

Missiles
 b - 12 arrows
Armour
 c - a +0 robe (melded)
Jewellery
 g - an amulet of clarity (around neck)
 h - a ring of protection from fire (left front leg)
Scrolls
 f - a scroll of identify {@r1}
 i - a scroll of recharging
 k - a scroll of enchant armour {unknown}
 l - a scroll of magic mapping {unknown}
 n - a scroll of noise {unknown}
 o - a scroll of immolation {unknown}
Books
 d - a book of Changes

   Spells                             Type                      Level
   a - Beastly Appendage              Transmutation                1
   b - Sticks to Snakes               Transmutation                2
   c - Spider Form                    Transmutation/Poison         3
   d - Ice Form                       Ice/Transmutation            4
   e - Blade Hands                    Transmutation                5
Comestibles
 a - 3 bread rations


   Skills:
 - Level 0.7 Fighting
 - Level 3.0 Dodging
 + Level 3.3 Unarmed Combat
 - Level 2.6 Spellcasting
 + Level 4.4 Transmutations


You had 3 spell levels left.
You knew the following spells:

 Your Spells              Type           Power        Failure   Level  Hunger
a - Beastly Appendage     Trmt           ####..       1%          1    None
b - Spider Form           Trmt/Pois      ###.......   5%          3    ###....


Dungeon Overview and Level Annotations

Branches:
Dungeon (2/15)

Altars:


Innate Abilities, Weirdness & Mutations

You are tiny and cannot use many weapons and most armour.
You have supernaturally acute eyesight.
You are a herbivore.
((You cover ground extremely quickly.))
You need consume almost no food.
You are frail (-10% HP).
Your magical capacity is low (-10% MP).


Message History

Really quaff
j - a potion of mutation {!q}?
You feel extremely strange.
You feel less energetic.
You feel frail.
You feel sick. The bat completely misses you. The bat misses you.
The bat hits you but does no damage. The bat misses you.
Drink which item? (? for menu, Esc to quit)
You feel clever all of a sudden.
* * * LOW HITPOINT WARNING * * *
You feel sick. The bat misses you. The bat closely misses you.
The bat closely misses you. x3
Casting: Beastly Appendage
Confirm with . or Enter, or press ? or * to list all spells.
Your horns disappear.
You turn into a venomous arachnid creature.
Your +0 robe melds into your body.
* * * LOW HITPOINT WARNING * * *
You feel sick. The bat barely misses you. The bat misses you.
The bat barely misses you. The bat misses you. The bat misses you.
The bat completely misses you.
Are you sure you want to abandon this character and quit the game? (Confirm with "yes".)

####.##
#.............#####..... #.###
######...............###
#...########.........####..#
#.........##..######..###..#
#.........#...'....#...##..###
##........#...'....#...##.....
#....†...#...'....#...##.....
#........#...'†...#...##.....
#........##.s######..####....
#........##bbb......## #....
#......>.#..#....(.## #....
#.................## #....
...####...###...### #.... #.
#... ##### #.... ### #####


You could see 3 bats.

Vanquished Creatures
  Terence (D:2)
  2 adders (D:2)
  A giant mite (D:2)
  A worm (D:2)
  A ball python (D:2)
  4 hobgoblins
  7 bats
  2 giant newts
  3 goblins
  A kobold (D:1)
  5 rats
28 creatures vanquished.

Notes
Turn   | Place    | Note
--------------------------------------------------------------
     0 | D:1      | mauris, the Spriggan Transmuter, began the quest for the Orb.
     0 | D:1      | Reached XP level 1. HP: 9/9 MP: 4/4
   664 | D:2      | Reached XP level 2. HP: 12/14 MP: 7/7
   769 | D:2      | Noticed Terence
  1252 | D:2      | Reached XP level 3. HP: 14/17 MP: 9/9
  1257 | D:2      | Learned a level 3 spell: Spider Form
  1876 | D:2      | Reached skill level 4 in Transmutations
  1986 | D:2      | Killed Terence
  2143 | D:2      | i refuse to die imo
  2143 | D:2      | ill just wait
  2143 | D:2      | Gained mutation: Your magical capacity is low (-10% MP). [potion of mutation]
  2143 | D:2      | Gained mutation: You are frail (-10% HP). [potion of mutation]
  2146 | D:2      | Quit the game

Action                   || total
-------------------------++-------
Melee: Unarmed           ||   129
 Cast: Beastly Appendage ||     6
       Spider Form       ||     3
  Use: Scroll            ||     3
       Potion            ||     3
 Stab: Sleeping          ||     1

Vault maps used:
D:1:      lightli_arrival_lavapool, minmay_misc_feat_doors,
          minmay_strange_pillars, minmay_misc_feat_nine_boxes
D:2:      bloody_trog, minmay_bat_box, uniq_terence
